 Dungeon Crawl Stone Soup version 0.23.0 (webtiles) character file.

Game seed: 3251712634125708030

1873 Lanoc the Insei (level 8, -12/64 HPs)
             Began as a Demonspawn Monk on Feb 10, 2019.
             Was a Believer of Wu Jian.
             Mangled by an orc warrior
             ... wielding a +0 scimitar
              (17 damage)
             ... on level 6 of the Dungeon.
             The game lasted 00:16:31 (6633 turns).

Lanoc the Insei (Demonspawn Monk)                   Turns: 6633, Time: 00:16:31

Health: -12/64     AC:  7    Str: 13    XL:     8   Next: 91%
Magic:  8/8        EV: 12    Int: 11    God:    Wu Jian [**....]
Gold:   320        SH:  0    Dex: 17    Spells: 7/7 levels left

rFire    . . .     SeeInvis .     - Unarmed
rCold    . . .     Gourm    .   (no shield)
rNeg     . . .     Faith    .   o - +0 scale mail
rPois    .         Spirit   .   (helmet restricted)
rElec    .         Reflect  .   (no cloak)
rCorr    .         Harm     .   (no gloves)
MR       .....                  (no boots)
Stlth    +.........             (no amulet)
HPRegen  0.20/turn              (no ring)
MPRegen  0.11/turn              (no ring)

@: no status effects
A: antennae 2, hooves 1, spiny 1
a: Wall Jump, Renounce Religion


You were on level 6 of the Dungeon.
You worshipped Wu Jian.
Wu Jian was pleased with you.
You were not hungry.

You visited 2 branches of the dungeon, and saw 8 of its levels.

You collected 320 gold pieces.

Inventory:

Hand Weapons
 a - a +0 falchion
 v - a +3 halberd of flaming
Armour
 o - a +0 scale mail (worn)
Wands
 k - a wand of iceblast (8)
 r - a wand of flame (12)
 s - a wand of polymorph (2)
Scrolls
 b - a scroll of random uselessness {unknown}
 e - 5 scrolls of remove curse {unknown}
 f - 12 scrolls of identify {unknown}
 g - 2 scrolls of immolation {unknown}
 h - 2 scrolls of teleportation {unknown}
 j - 3 scrolls of fog {unknown}
 q - a scroll of enchant weapon {unknown}
Potions
 d - a potion of lignification {unknown}
 i - a potion of flight {unknown}
 l - a potion of curing
 m - 4 potions of mutation {unknown}
 n - 3 potions of heal wounds {unknown}
 p - 2 potions of degeneration {unknown}
 t - a potion of cancellation {unknown}
Comestibles
 c - 9 rations


   Skills:
 + Level 5.9 Fighting
 - Level 2.6 Long Blades
 + Level 4.5 Armour
 + Level 5.4 Dodging
 - Level 1.7 Stealth
 * Level 6.5 Unarmed Combat


You had 7 spell levels left.
You didn't know any spells.
Your spell library contained the following spells:

 Spells                   Type           Power        Failure   Level  Hunger
 Confusing Touch          Hex            #.....       83%         1    ##.....
 Shock                    Conj/Air       #...         83%         1    ##.....
 Swiftness                Chrm/Air       #.......     92%         2    ###....
 Confuse                  Hex            #.......     99%         3    ####...
 Gell's Gravitas          Tloc           #.........   99%         3    ####...
 Static Discharge         Conj/Air       #.......     99%         3    ####...
 Airstrike                Air            #.........   100%        4    #####..
 Petrify                  Tmut/Erth      #.......     100%        4    #####..
 Lightning Bolt           Conj/Air       #.........   100%        5    ######.
 Metabolic Englaciation   Hex/Ice        #.........   100%        5    ######.
 Yara's Violent Unravell  Hex/Tmut       #.........   100%        5    ######.


Dungeon Overview and Level Annotations

Branches:
Dungeon (7/15)             Temple (1/1) D:5

Altars:
Ashenzari
Cheibriados
Dithmenos
Elyvilon
Fedhas
Gozag
Hepliaklqana
Kikubaaqudgha
Nemelex Xobeh
Okawaru
Qazlal
Ru
Sif Muna
Trog
Vehumet
Wu Jian
Xom
Yredelemnul
Zin
The Shining One

Shops:
D:2 *

Annotations:
D:2 2 transporters


Innate Abilities, Weirdness & Mutations

You have a pair of antennae on your head.
You have large cloven feet.
You are partially covered in sharp spines.


Message History

The orc throws a tomahawk.
The tomahawk hits you.
The orc wizard looks braver for a moment.
You see here a tomahawk.
The orc wizard looks satisfied for a moment.
There is a stone staircase leading up here.
The orc warrior hits you with a +0 scimitar!
* * * LOW HITPOINT WARNING * * *
You climb upwards.
There is a stone staircase leading down here.
You hit the orc warrior but do no damage.
The orc warrior is severely wounded.
You hit the orc warrior but do no damage.
The orc warrior is severely wounded.
The orc warrior hits you with a +0 scimitar!
* * * LOW HITPOINT WARNING * * *
You hit the orc warrior but do no damage.
The orc warrior is severely wounded.
The orc warrior is struck by your spines.
The orc warrior hits you with a +0 scimitar!
You die...

#(##⌠.............###.#
#.# ..###.#.#.#.#.8#.##
#.#########.#
#######.#⌠#_#⌠##.#
#............ ...#
##########.##
#####.......# .### #..#
#.####### .# ##.# #.#
.####### #.# #.# .......#
##.## #.# .#####.##
##@..## #.# ........#
#..o..#####.### .#####..#
#....##.......# .### #..#
#.#.###.###.#.#####
...###..# #.###
#.##......... ....##..#
#.# #.#.###.#####
##..##..#######.#####..##
##.#
##.....................#
#.# #
###.##..#######.#..##..##
##.# #


You could see an orc warrior.

Vanquished Creatures
  Grinder (D:6)
  Sigmund (D:6)
  Duvessa (D:6)
  2 sky beasts
  2 phantoms (D:4)
  Dowan (D:6)
  A scorpion (D:4)
  A howler monkey (D:5)
  3 crimson imps
  A quasit (D:5)
  2 bullfrog zombies (D:5)
  A hound (D:5)
  4 orc priests
  2 bullfrog skeletons
  3 orc wizards
  6 worker ants
  A hound zombie (D:5)
  2 worker ant zombies (D:5)
  3 gnolls (D:6)
  7 adders
  2 shadow imps (D:6)
  2 oozes
  6 worms
  2 dart slugs (D:2)
  2 leopard geckos
  32 orcs
  3 ball pythons
  6 bats
  9 giant cockroaches
  6 goblins
  6 hobgoblins
  4 kobolds
  2 quokkas (D:6)
  5 frilled lizards
  8 rats
140 creatures vanquished.

Notes
Turn   | Place    | Note
-------+----------+-------------------------------------------
     0 | D:1      | Lanoc the Demonspawn Monk began the quest for the Orb.
     0 | D:1      | Reached XP level 1. HP: 18/18 MP: 1/1
   106 | D:1      | Gained mutation: You have a pair of small antennae on your
                  | head. [demonic ancestry]
   106 | D:1      | Reached XP level 2. HP: 24/24 MP: 2/2
   514 | D:1      | Reached skill level 1 in Armour
   898 | D:2      | Found a shimmering altar of Xom.
   931 | D:2      | Gained mutation: You have large cloven feet. [demonic
                  | ancestry]
   931 | D:2      | Reached XP level 3. HP: 25/29 MP: 3/3
   954 | D:2      | Reached skill level 1 in Unarmed Combat
  1179 | D:2      | Found a transporter.
  1192 | D:2      | Found Zin's Purification Station.
  1413 | D:2      | Found a glowing silver altar of Zin.
  1560 | D:2      | Found a shadowy altar of Dithmenos.
  1582 | D:2      | Found a transporter.
  1592 | D:2      | Reached XP level 4. HP: 25/35 MP: 4/4
  1725 | D:2      | Noticed a bullfrog
  1726 | D:2      | Found a snail-covered altar of Cheibriados.
  1746 | D:2      | Noticed an ogre
  2209 | D:3      | Reached skill level 2 in Unarmed Combat
  2247 | D:3      | Found a deep blue altar of Sif Muna.
  3101 | D:2      | Gained mutation: You are partially covered in sharp spines.
                  | [demonic ancestry]
  3101 | D:2      | Reached XP level 5. HP: 30/42 MP: 5/5
  3300 | D:3      | Found a sacrificial altar of Ru.
  3621 | D:4      | Noticed a phantom
  3692 | D:4      | Killed a phantom
  3692 | D:4      | Reached skill level 3 in Unarmed Combat
  3692 | D:4      | Reached XP level 6. HP: 43/48 MP: 6/6
  3802 | D:4      | Found a hazy altar of Hepliaklqana.
  3955 | D:4      | Gained mutation: You have a pair of antennae on your head.
                  | [demonic ancestry]
  3955 | D:4      | Reached XP level 7. HP: 20/55 MP: 7/7
  3960 | D:4      | Reached skill level 4 in Unarmed Combat
  4425 | D:5      | Entered Level 5 of the Dungeon
  4657 | D:5      | Found a staircase to the Ecumenical Temple.
  4663 | Temple   | Entered the Ecumenical Temple
  4879 | D:5      | Reached skill level 5 in Fighting
  5075 | D:5      | Reached skill level 5 in Unarmed Combat
  5080 | D:5      | Reached XP level 8. HP: 47/62 MP: 8/8
  5237 | Temple   | Became a worshipper of the Wu Jian Council
  5237 | Temple   | Reached * piety under Wu Jian
  5237 | Temple   | Reached ** piety under Wu Jian
  5633 | D:6      | Found a radiant altar of Vehumet.
  5634 | D:6      | Found a sparkling altar of Nemelex Xobeh.
  5636 | D:6      | Found a basalt altar of Yredelemnul.
  5663 | D:6      | Noticed Grinder
  5678 | D:6      | Killed Grinder
  5678 | D:6      | Reached skill level 5 in Dodging
  5962 | D:6      | Noticed Sigmund
  5977 | D:6      | Killed Sigmund
  5977 | D:6      | Reached skill level 6 in Unarmed Combat
  6002 | D:6      | Noticed Duvessa
  6003 | D:6      | Noticed Dowan
  6017 | D:6      | Killed Duvessa
  6022 | D:6      | Killed Dowan
  6341 | D:6      | Found a shattered altar of Ashenzari.
  6450 | D:6      | Found an ancient bone altar of Kikubaaqudgha.
  6633 | D:6      | Mangled by an orc warrior

Skill      XL: |  1  2  3  4  5  6  7  8 |
---------------+-------------------------+-----
Dodging        | 3 4 5 |  5.4
Armour         | 1 2 3 4 |  4.5
Unarmed Combat | 1 2 3 5 6 |  6.5
Fighting       | 4 5 |  5.9
Long Blades    | |  2.6
Stealth        | |  1.7

Action                   |  1- 3 |  4- 6 |  7- 9 || total
-------------------------+-------+-------+-------++-------
Melee: Falchion          |   108 |   171 |    21 ||   300
       Kick              |    19 |    54 |    59 ||   132
       Punch             |       |     3 |     6 ||     9
       Unarmed           |       |       |   182 ||   182
Invok: Lunge             |       |       |    10 ||    10
  Use: Potion            |       |     1 |       ||     1
 Stab: Sleeping          |     8 |     2 |       ||    10
  Eat: Chunk             |     2 |     5 |     8 ||    15
       Ration            |       |     1 |       ||     1
Armor: Robe              |    24 |    12 |       ||    36
       Scale mail        |       |    41 |    68 ||   109
Dodge: Dodged            |    76 |   110 |   101 ||   287
       Rpst.: Falchion   |    22 |    31 |     3 ||    56
